[Event "EICC 2025"]
[Site "Eforie-Nord"]
[Date "2025.03.17"]
[Round "3.29"]
[White "Vagman, Roy"]
[Black "Paichadze, Luka"]
[Result "1-0"]
[Annotator "RC"]
[ECO "B17"]
[WhiteElo "2300"]
[BlackElo "2532"]
[PlyCount "101"]
[EventDate "2025.03.14"]
[EventType "swiss"]
[EventCountry "ROU"]
[SourceTitle "playchess.com"]
[Source "ChessBase"]
[SourceQuality "1"]
[TimeControl "40/5400+30:1800+30"]

1. e4 c6 2. d4 d5 3. Nc3 dxe4 4. Nxe4 Nd7 5. Bd3 Ngf6 6. Ng5 g6 7. N1f3 Bg7 8. O-O O-O 9. Qe2 h6 10. Nxf7 Rxf7 11. Bxg6 Rf8 12. c4 e5 13. dxe5 Ng4 14. e6 Nde5 15. Nxe5 Nxe5 16. Bf7+ Nxf7 17. e7 Qd6 18. exf8=Q+ Qxf8 19. Bf4 Bf5 20. Rfe1 Qb4 21. Qh5 Bh7 22. Re3 Qxc4 23. Bg3 Bxb2 24. Rae1 Bf6 25. Re6 Kg7 26. Rxf6 Kxf6 27. Be5+ Ke7 28. Bg7+ Kd6 29. Be5+ Kd7 30. Qh3+ Qe6 31. Rd1+ Ke7 32. Qa3+ Ke8 33. Bg7 Qe7 34. Qc3 Nd6 35. Bxh6 Rd8 36. f3 Kd7 37. Bf4 Kc7 38. Qa5+ Kc8 39. Bg5 Qc7 40. Qxc7+ Kxc7 41. Bxd8+ Kd7 42. Bg5 Ke6 43. Bf4 Nb5 44. g4 Nc3 45. Rd6+ Ke7 46. Rh6 Bb1 47. Be5 Nxa2 48. f4 Nc1 49. f5 Nd3 50. Rh7+ Ke8 51. Bd6 1-0

[Event "EICC 2025"]
[Site "Eforie-Nord"]
[Date "2025.03.17"]
[Round "3.30"]
[White "Kollars, Dmitrij"]
[Black "Gokerkan, Cem Kaan"]
[Result "1-0"]
[Annotator "TA"]
[ECO "C01"]
[WhiteElo "2649"]
[BlackElo "2473"]
[PlyCount "147"]
[EventDate "2025.03.14"]
[EventType "swiss"]
[EventCountry "ROU"]
[SourceTitle "playchess.com"]
[Source "ChessBase"]
[SourceQuality "1"]
[TimeControl "40/5400+30:1800+30"]

1. e4 e5 2. Nf3 Nf6 3. Nxe5 d6 4. Nf3 Nxe4 5. d3 Nf6 6. d4 d5 7. Bd3 Bd6 8. Qe2+ Be7 {[%emt 0:01:21] C01: French: Exchange Variation.} 9. O-O {[%emt 0:01:13] 9.Bg5 is the modern continuation.} O-O 10. Re1 Bd6 {[%emt 0:00:31] The position is equal.} 11. Bg5 h6 12. Bh4 g5 {[%emt 0:00:49][%cal Of8e8] [#]} 13. Bg3 $1 Re8 14. Qf1 Rxe1 15. Qxe1 Nc6 16. c3 {[%emt 0:02:03] Prevents Nb4.} Nh5 17. Nbd2 Nf4 $146 (17... Nxg3 18. hxg3 Kg7 19. Nf1 Qf6 20. Ne3 Ne7 21. Ne5 h5 22. Qe2 Qh6 23. c4 c6 24. cxd5 cxd5 25. Rc1 Be6 {0-1 Aditya,M (2565)-Meier,G (2591) Julius Baer GenCup Pl/In rapid 2024 (5)}) 18. Bc2 Qf6 19. Qf1 Bf5 20. Bxf5 Qxf5 21. Qb5 Rb8 22. Bxf4 Bxf4 23. Nf1 a6 24. Qe2 g4 25. Ne1 Kf8 26. Nd3 Re8 27. Qd1 Bg5 28. Ng3 Qg6 29. Nc5 (29. f4 $14 {is superior.} gxf3 30. Qxf3) 29... h5 $11 30. b3 b6 31. Nxa6 {[%emt 0:00:58] A dynamic duo of knights.} Bf4 32. Nf1 h4 33. g3 Bd6 34. a3 Qe4 35. gxh4 Ne7 {[%emt 0:04:57] [#] ...Ng6 is the strong threat.} 36. Ng3 Qe6 37. Qd2 (37. Nb4 Ng6 38. h5 Nh4 $17) 37... Ng6 38. Qh6+ Kg8 39. Nb4 Nf4 {[%emt 0:02:16] Prevents Nd3} 40. Qxe6 (40. Qg5+ {feels hotter.} Kh7 41. Kf1 Rg8 42. Qf5+) 40... fxe6 41. Nc6 (41. a4 $16) 41... Rf8 42. Ra2 Nh3+ 43. Kf1 Rf3 44. Rc2 Rd3 45. Ke1 {[%emt 0:00:00] b4 is the strong threat.} Nf4 $1 46. Nb4 Bxb4 47. axb4 {[%emt 0:00:00][%mdl 4096] Endgame KRN-KRN. White is two pawns up.} Ng2+ 48. Kf1 Nf4 49. Rc1 {[%emt 0:00:00] Prevents Rd1+.} Rd2 50. Re1 Rc2 51. Ne2 Ng6 {[%emt 0:07:49] This costs Black the game.} ({Black should try} 51... Nxe2 $14 52. Rxe2 Rxc3) 52. h5 $18 Nh4 53. Rc1 Rb2 54. Nf4 Nf3 55. Nxe6 Nd2+ 56. Kg2 Ne4 57. Nxc7 Rxf2+ 58. Kg1 Rb2 59. Nxd5 Kg7 60. Ne3 (60. Nxb6 Nd2 61. Rf1 Nxf1 62. Kxf1 Rxb3 $11) 60... Kh6 61. Nxg4+ Kxh5 62. Ne3 Rxb3 63. Nd1 Ra3 64. Kg2 Kg5 65. Kf3 Nd6 66. Rc2 Nb5 67. Ke4 {[%emt 0:00:21] White is clearly winning.} Kf6 68. Ne3 Ke6 69. Kd3 Ra1 70. Rg2 Ra3 71. Rg6+ Kf7 72. Rxb6 Nxc3 73. Rb7+ Ke6 74. Nc2 {[%emt 0:00:25] Weighted Error Value: White=0.08 (flawless) /Black=0.14 (very precise)   Loses game:     	---       	Black=1      Mistake:       	White=2     	---        Inaccurate:     	White=3     	Black=10     OK:         	White=29    	Black=21     Best:        	White=7     	Black=6      Strong:       	White=1     	Black=1} 1-0

[Event "EICC 2025"]
[Site "Eforie-Nord"]
[Date "2025.03.17"]
[Round "3.30"]
[White "Kobo, Ori"]
[Black "Filip, Andrei"]
[Result "0-1"]
[Annotator "RC"]
[ECO "C43"]
[WhiteElo "2525"]
[BlackElo "2300"]
[PlyCount "80"]
[EventDate "2025.03.14"]
[EventType "swiss"]
[EventCountry "ROU"]
[SourceTitle "playchess.com"]
[Source "ChessBase"]
[SourceQuality "1"]
[TimeControl "40/5400+30:1800+30"]

1. e4 e5 2. Nf3 Nf6 3. d4 Nxe4 4. Bd3 d5 5. Nxe5 Nd7 6. O-O Nxe5 7. dxe5 Nc5 8. Be3 Nxd3 9. Qxd3 Be7 10. Nc3 c6 11. f4 g6 12. Ne2 Bf5 13. Qb3 Qc8 14. Ng3 Be6 15. Qd3 Bf5 16. Nxf5 Qxf5 17. Qb3 Qd7 18. f5 gxf5 19. Qd3 c5 20. Rxf5 c4 21. Qf1 Qe6 22. Qf2 Rg8 23. Rf1 Rg7 24. Bxa7 Bd8 25. Bd4 Rxa2 26. h3 Kf8 27. Re1 Rg6 28. Rf1 Rg7 29. Qf4 Ra8 30. Rf3 Be7 31. Re3 Rg6 32. Rf3 Rg7 33. Re3 Rg6 34. h4 Ra6 35. h5 Rg7 36. Rf3 Ke8 37. Kf2 h6 38. Rf6 Qg4 39. Rxf7 Qxg2+ 40. Ke3 Bg5 0-1

[Event "EICC 2025"]
[Site "Eforie-Nord"]
[Date "2025.03.17"]
[Round "3.31"]
[White "Heberla, Bartlomiej"]
[Black "Cheparinov, Ivan"]
[Result "1-0"]
[Annotator "RC"]
[ECO "D00"]
[WhiteElo "2512"]
[BlackElo "2646"]
[PlyCount "41"]
[EventDate "2025.03.14"]
[EventType "swiss"]
[EventCountry "ROU"]
[SourceTitle "playchess.com"]
[Source "ChessBase"]
[SourceQuality "1"]
[TimeControl "40/5400+30:1800+30"]

1. d4 Nf6 2. Bg5 d5 3. Nd2 c5 4. dxc5 e6 5. e4 h6 6. Bh4 Nc6 7. exd5 exd5 8. Nb3 g5 9. Bg3 Ne4 10. Bb5 Bg7 11. c3 O-O 12. Ne2 h5 13. f3 Nxg3 14. hxg3 h4 15. Qd2 Ne5 16. O-O-O a6 17. Bd3 Qf6 18. Nbd4 Nc4 19. Bxc4 dxc4 20. f4 Bh6 21. Nf3 1-0

[Event "EICC 2025"]
[Site "Eforie-Nord"]
[Date "2025.03.17"]
[Round "3.31"]
[White "Stepanencu, Nicodim-Cosmin"]
[Black "Sebenik, Matej"]
[Result "0-1"]
[Annotator "RC"]
[ECO "B51"]
[WhiteElo "2297"]
[BlackElo "2492"]
[PlyCount "106"]
[EventDate "2025.03.14"]
[EventType "swiss"]
[EventCountry "ROU"]
[SourceTitle "playchess.com"]
[Source "ChessBase"]
[SourceQuality "1"]
[TimeControl "40/5400+30:1800+30"]

1. e4 c5 2. Nf3 Nc6 3. Bb5 d6 4. O-O Bd7 5. Re1 a6 6. Bxc6 Bxc6 7. d4 cxd4 8. Nxd4 Rc8 9. c4 g6 10. Nc3 Bg7 11. Qd3 Nf6 12. b3 O-O 13. Bb2 Nd7 14. Nd5 Re8 15. Qd2 Nc5 16. Re2 Bd7 17. Rd1 b5 18. Bc3 Nb7 19. Nf3 bxc4 20. Bxg7 Kxg7 21. Qd4+ e5 22. Qa7 Nc5 23. b4 Ba4 24. Ra1 Nd3 25. Qxa6 Bc6 26. Qxc4 Bxd5 27. Qxd5 Nf4 28. Qd2 Nxe2+ 29. Qxe2 Qb6 30. b5 Rc5 31. a4 Rec8 32. Qe3 Qa5 33. h4 Rxb5 34. h5 Rbc5 35. h6+ Kg8 36. Rd1 Qc7 37. Qg5 Rc1 38. Qf6 Rxd1+ 39. Kh2 Rh1+ 40. Kxh1 Qc1+ 41. Kh2 Qxh6+ 42. Kg3 Qf4+ 43. Qxf4 exf4+ 44. Kxf4 Ra8 45. Ke3 Rxa4 46. Nd4 Ra3+ 47. Ke2 Kf8 48. Nb5 Ra2+ 49. Ke3 Ke7 50. Nc7 g5 51. g4 Ra3+ 52. Ke2 Ra5 53. Kd3 Kf6 0-1

[Event "EICC 2025"]
[Site "Eforie-Nord"]
[Date "2025.03.17"]
[Round "3.32"]
[White "Grandelius, Nils"]
[Black "Baum, Jonasz"]
[Result "1/2-1/2"]
[Annotator "TA"]
[ECO "B44"]
[WhiteElo "2644"]
[BlackElo "2469"]
[PlyCount "128"]
[EventDate "2025.03.14"]
[EventType "swiss"]
[EventCountry "ROU"]
[SourceTitle "playchess.com"]
[Source "ChessBase"]
[SourceQuality "1"]
[TimeControl "40/5400+30:1800+30"]

1. c4 e6 2. Nc3 Nf6 3. e4 c5 4. Nf3 Nc6 5. d4 cxd4 6. Nxd4 Bb4 7. Nxc6 bxc6 8. Bd3 e5 9. O-O O-O 10. h3 {[%emt 0:00:04] B44: Sicilian: Taimanov: 5 Nb5.} Bxc3 11. bxc3 d6 12. f4 exf4 13. Bxf4 Qe7 $146 {[%emt 0:00:33] [#]} ({Better is} 13... Re8 $14) (13... Qb6+ 14. Kh2 Qc5 15. Qf3 Nd7 16. Qg3 Ne5 17. Be3 Qa5 18. Bd4 f6 19. c5 Be6 20. cxd6 {0-1 Mekhitarian,K (2554)-Kramnik,V (2753) CrunchLab Masters PlayIn rapid 2024 (1)}) 14. Bc2 $1 $16 Rd8 15. Qd3 h6 16. Rad1 Ba6 17. Bxd6 {[%emt 0:05:28][%csl Oa7,Oc6] Black has weak pawns} Qe6 {[%emt 0:00:42] [#]} 18. Rxf6 $1 Qxf6 19. e5 Qg6 {[%emt 0:00:04] Black is weak on the dark squares} 20. Qxg6 fxg6 21. e6 (21. Bxg6 $6 Bxc4 22. a3 a5 $14) 21... Bxc4 22. e7 (22. Bxg6 $2 {too greedy.} Bxe6 (22... Bxa2 23. e7 $18) 23. c4 c5 $19 (23... Bxc4 $2 24. a3 $19)) 22... Rd7 23. Bxg6 Bf7 24. Bf5 {[%emt 0:04:28][%mdl 1024] White has strong compensation. This pair of bishops is nice.} Rb7 25. Bb4 Re8 26. Rd8 Rb8 27. Ba5 {[%emt 0:04:46] and Bd7 should not be overlooked White is much more active.} (27. Rd7 $5) 27... Rb5 $1 {[%emt 0:05:58] [#]} 28. Be6 {[%emt 0:01:11] The board is on fire.} Bxe6 29. Rxe8+ $11 {[%emt 0:00:02][%mdl 4096] Endgame KRB-KRB. White is a pawn up.} Kf7 30. Ra8 ({But not} 30. Rg8 Bd7 31. Rd8 Kxe7 $17) 30... Rb1+ 31. Kh2 Kxe7 32. Rxa7+ Kf6 $1 33. Bd8+ Kg6 34. Bc7 Rb2 35. Be5 Kf5 36. Bd4 g5 37. c4 {[%emt 0:00:36] Against Bd5} Rd2 38. Ra5+ Kg6 39. Be3 Re2 40. Ra3 Bxc4 41. Kg1 Bxa2 42. Bf2 Bd5 43. Ra8 Rc2 44. Rd8 h5 45. Rd6+ Kf5 46. Rh6 h4 47. Rd6 Be4 48. Rd8 Bd5 49. Rd6 $1 Ra2 50. Rd7 Ra4 51. Ra7 Rc4 52. Kh2 g4 {[%emt 0:02:13] And now ...g3+ would win.} 53. hxg4+ Rxg4 54. g3 Rg8 55. Ra4 Be4 56. Be1 {[%emt 0:02:24] [#]} h3 $1 57. Bc3 Bg2 58. Rf4+ Ke6 59. g4 Rg5 60. Rf6+ {[%emt 0:01:37] The position is equal.} Kd7 61. Rf4 Rb5 62. Bd2 Rd5 63. Rf2 Ke6 64. g5 Rf5 {[%emt 0:00:23] Blacks defense is rewarded with a draw.   Weighted Error Value: White=0.06 (flawless) /Black=0.08 (flawless)   Mistake:       	---       	Black=1      Inaccurate:     	White=2     	Black=2      OK:         	White=26    	Black=20     Best:        	White=3     	Black=2      Strong:       	White=2     	Black=2      Brilliant:      	White=1     	---} 1/2-1/2

[Event "EICC 2025"]
[Site "Eforie-Nord"]
[Date "2025.03.17"]
[Round "3.32"]
[White "Seemann, Jakub"]
[Black "Valiyev, Shahin"]
[Result "1/2-1/2"]
[Annotator "RC"]
[ECO "D36"]
[WhiteElo "2491"]
[BlackElo "2299"]
[PlyCount "88"]
[EventDate "2025.03.14"]
[EventType "swiss"]
[EventCountry "ROU"]
[SourceTitle "playchess.com"]
[Source "ChessBase"]
[SourceQuality "1"]
[TimeControl "40/5400+30:1800+30"]

1. d4 d5 2. c4 e6 3. Nc3 Nf6 4. cxd5 exd5 5. Bg5 Be7 6. e3 O-O 7. Qc2 h6 8. Bh4 c6 9. Bd3 Re8 10. Nge2 a5 11. O-O Na6 12. a3 Nc7 13. Rae1 b5 14. Rc1 Ne6 15. Rfd1 Bd7 16. Bf5 Ng5 17. Ng3 Qc8 18. f4 Ng4 19. Bxd7 Qxd7 20. Nf5 Ne4 21. Nxe4 Bxh4 22. Nc5 Bf2+ 23. Kh1 Qc8 24. Rf1 Nxe3 25. Nxe3 Bxe3 26. Rcd1 Qg4 27. h3 Qh4 28. Qf5 Re7 29. Rf3 Bf2 30. Kh2 Rae8 31. Qg4 Re2 32. Qd7 Bxd4 33. Qxc6 Bxc5 34. Qxc5 Rxb2 35. Rxd5 Rb1 36. Qc3 g6 37. Re5 Rxe5 38. fxe5 Qe7 39. Re3 b4 40. axb4 axb4 41. Qc2 Rf1 42. e6 Kh7 43. Qc6 h5 44. Qd7 Qxd7 1/2-1/2

[Event "EICC 2025"]
[Site "Eforie-Nord"]
[Date "2025.03.17"]
[Round "3.33"]
[White "Predke, Alexandr"]
[Black "Olsen, Filip Boe"]
[Result "1/2-1/2"]
[Annotator "TA"]
[ECO "D36"]
[WhiteElo "2640"]
[BlackElo "2468"]
[PlyCount "87"]
[EventDate "2025.03.14"]
[EventType "swiss"]
[EventCountry "ROU"]
[SourceTitle "playchess.com"]
[Source "ChessBase"]
[SourceQuality "1"]
[TimeControl "40/5400+30:1800+30"]

1. d4 d5 2. c4 e6 3. Nf3 Nf6 4. Nc3 c6 5. Bg5 Nbd7 6. cxd5 exd5 7. Qc2 h6 8. Bh4 Be7 9. e3 O-O 10. Bd3 Re8 11. O-O Ne4 12. Bxe4 Bxh4 13. Bh7+ Kh8 14. Bd3 Be7 {[%emt 0:05:55] Not much happening anymore D36: Queen's Gambit Declined: Exchange Variation: Main line (5 Bg5 c6 6 Qc2).} 15. Rae1 $1 {[%emt 0:00:09][%mdl 4] now scores much better than the old 15.Rab1.} a5 16. a3 Kg8 $146 (16... Bd6 17. e4 dxe4 18. Nxe4 Nf6 19. Nxf6 gxf6 20. Bc4 Be6 21. Bxe6 Rxe6 22. Rxe6 fxe6 {1-0 Nesterov,A (2597)-Smekalov,A (1989) Khanty-Mansiysk Governor Cup 19th 2023 (9)}) 17. h3 Nf8 18. Ne5 Bd6 19. f4 Be6 20. f5 Bd7 21. e4 Bxe5 22. dxe5 Rxe5 23. exd5 Qb6+ (23... Rxe1 {simplifies} 24. Rxe1 Nh7 25. Qf2 Qf8) 24. Qf2 $1 Qxf2+ 25. Kxf2 Rae8 26. Rxe5 Rxe5 27. Re1 Rxe1 28. Kxe1 $11 {[%emt 0:00:03][%mdl 4096] Endgame KBN-KBN} g6 29. dxc6 Bxc6 {[%emt 0:00:20] The position is equal.} 30. Kf2 Kg7 31. Be4 gxf5 (31... Bxe4 32. Nxe4 gxf5 33. Nd6 $18) 32. Bxf5 Kf6 33. Be4 Bxe4 34. Nxe4+ {[%emt 0:00:04] KN-KN} Ke5 35. Ke3 Ne6 36. Nd2 Kd5 {[%emt 0:01:52] Against Nc4} 37. g4 b5 38. h4 Ke5 39. Nf3+ Kd5 40. h5 {[%emt 0:01:49] Threatens to win with Nh4.} f6 $1 41. Nd2 Ke5 42. Nf3+ Kd5 43. Nd2 Ke5 44. Nf3+ {[%emt 0:00:06] An interesting draw.   Weighted Error Value: White=0.04 (flawless) /Black=0.03 (flawless)   Inaccurate:     	White=1     	Black=1      OK:         	White=10    	Black=17     Best:        	White=1     	Black=2      Strong:       	White=1     	Black=1} 1/2-1/2

[Event "EICC 2025"]
[Site "Eforie-Nord"]
[Date "2025.03.17"]
[Round "3.33"]
[White "Ioannidis, Evgenios"]
[Black "Gombocz, Ferenc Jr."]
[Result "1-0"]
[Annotator "RC"]
[ECO "D35"]
[WhiteElo "2484"]
[BlackElo "2297"]
[PlyCount "101"]
[EventDate "2025.03.14"]
[EventType "swiss"]
[EventCountry "ROU"]
[SourceTitle "playchess.com"]
[Source "ChessBase"]
[SourceQuality "1"]
[TimeControl "40/5400+30:1800+30"]

1. d4 d5 2. c4 e6 3. Nc3 Nf6 4. cxd5 exd5 5. Bg5 c6 6. e3 h6 7. Bh4 Be7 8. Bd3 O-O 9. Bg3 Ne8 10. Qc2 Nd6 11. Nf3 Be6 12. Ne5 Qc8 13. f3 c5 14. dxc5 Qxc5 15. O-O Nc6 16. Nxc6 bxc6 17. Bf2 Bf6 18. Rac1 Qa5 19. Na4 Rfc8 20. Be1 Qd8 21. Nc5 Qb6 22. b4 Re8 23. a4 Bc8 24. a5 Qd8 25. Bf2 g6 26. Qa4 Bf5 27. Ba6 Qc7 28. g4 Bb2 29. gxf5 Bxc1 30. Rxc1 Nxf5 31. Bb7 Nxe3 32. Bg3 Qe7 33. Bxa8 Rxa8 34. Qxc6 Rd8 35. Qc7 Qf6 36. Qf4 Nf5 37. Qe5 Qg5 38. Rd1 h5 39. Kf2 d4 40. Bf4 Qh4+ 41. Kg2 Kh7 42. Ne4 Rc8 43. Rd2 Rc1 44. Nf6+ Kh8 45. Nxh5+ Kh7 46. Nf6+ Kh8 47. Ne4+ Kh7 48. Ng5+ Kg8 49. Qe8+ Kg7 50. Qxf7+ Kh6 51. Qh7# 1-0

[Event "EICC 2025"]
[Site "Eforie-Nord"]
[Date "2025.03.17"]
[Round "3.34"]
[White "Maksimovic, Bojan"]
[Black "Bjerre, Jonas Buhl"]
[Result "1-0"]
[Annotator "TA"]
[ECO "A31"]
[WhiteElo "2505"]
[BlackElo "2637"]
[PlyCount "127"]
[EventDate "2025.03.14"]
[EventType "swiss"]
[EventCountry "ROU"]
[SourceTitle "playchess.com"]
[Source "ChessBase"]
[SourceQuality "1"]
[TimeControl "40/5400+30:1800+30"]

1. c4 c5 2. Nf3 Nf6 3. g3 Nc6 4. Bg2 d6 5. O-O g6 6. d4 cxd4 7. Nxd4 Bd7 8. Nc3 Bg7 9. Nxc6 bxc6 10. b3 {[%emt 0:01:27] A31: Symmetrical English: 2 Nf3 Nf6 3 d4.} O-O 11. Bb2 Qa5 12. Rc1 {[%emt 0:03:33] White is slightly better.} Rac8 13. e4 Bg4 14. Qc2 $146 (14. f3 Be6 15. Qe2 h5 16. Na4 Nd7 17. Bxg7 Kxg7 18. f4 Nf6 19. h3 Rc7 20. Qf2 {1-0 Grishenko,V (2223)-Storozhev,N (2060) Kemerovo op 2010 (2)}) 14... Qh5 15. f3 Bh3 16. Ne2 e5 17. Bxh3 Qxh3 18. c5 Bh6 19. Rcd1 Be3+ 20. Kh1 Rfd8 (20... dxc5 $2 21. Bxe5 Nh5 22. Qc3 $18) 21. cxd6 Rxd6 {[%emt 0:00:10][%cal Od6d2] ...Rd2! would now be deadly.} 22. Ng1 Qe6 23. Rxd6 $1 Qxd6 24. Rd1 Qe7 25. Ne2 $36 {[%emt 0:01:28][%mdl 2048] White has good play.} Bb6 26. Kg2 Ne8 27. Qc3 f6 28. Qc4+ Kh8 29. Rd3 Ng7 30. f4 Bc5 {[%emt 0:01:17] Black is now going downhill.} ({Black should play} 30... g5 $14) 31. fxe5 $16 fxe5 {[%emt 0:00:04] [#]} 32. Ng1 $1 Bxg1 33. Kxg1 Rf8 34. Rd1 (34. Qxc6 Qf7 35. Qc1 (35. Bxe5 $2 Qf1#) 35... Qf2+ 36. Kh1 Qe2 $11) 34... h5 35. Qxc6 Qf7 36. Qc2 {[%emt 0:00:16] Dodges Qf2+. Active counter play!} (36. Bxe5 Qf2+ 37. Kh1 Qf3+ (37... Qxa2 38. Qxg6) 38. Kg1 Qxd1+ 39. Kg2 Qf1#) 36... Qf3 {[%emt 0:01:04] [#]} 37. Re1 {[%emt 0:01:01] Inhibits Qe3+.} (37. Bxe5 Qe3+ 38. Kg2 Qf3+ 39. Kg1 (39. Kh3 Qg4+ 40. Kg2 Qf3+ 41. Kh3 Qg4+ 42. Kg2 Qf3+ $11) 39... Qe3+ 40. Kh1 Qf3+ 41. Kg1 $11) 37... Ne6 38. Bxe5+ Kg8 39. h4 Kh7 (39... g5 $142) 40. Qg2 Qg4 41. Rf1 {[%emt 0:32:35] Wards off Rf3} Rxf1+ 42. Qxf1 $18 {[%emt 0:00:00][%mdl 4096] Endgame KQB-KQN. White is two pawns up.} Kg8 {[%emt 0:01:41] Dodges Qf7+} 43. Qd3 g5 44. Bf6 gxh4 45. Bxh4 Kh7 46. Qd7+ Kg6 47. Qd5 ({Resist} 47. Qxa7 Qxe4 48. Qf2 Ng7) 47... a6 48. b4 Kg7 $2 (48... Ng7 49. Qd3 Qe6) 49. a4 Qf3 (49... Nf8 $142 50. Kf2 Qg6) 50. Qe5+ ({And not} 50. Qxe6 Qe3+ 51. Kf1 Qf3+ 52. Kg1 Qe3+ 53. Kf1 Qf3+ 54. Ke1 Qe3+ 55. Kd1 (55. Kf1 Qf3+ $11) 55... Qd3+ 56. Kc1 Qc3+ 57. Kb1 Qd3+ 58. Kb2 Qd2+ 59. Kb1 Qd1+ 60. Kb2 Qd2+ 61. Ka3 Qc3+ 62. Ka2 Qc2+ 63. Ka1 (63. Ka3 Qc3+ 64. Qb3 Qa1+ 65. Qa2 Qc3+ 66. Qb3 Qa1+ 67. Qa2 Qc3+ 68. Qb3 $11) 63... Qc1+ 64. Ka2 Qc2+ 65. Ka3 Qc3+ 66. Ka2 Qc2+ $11) 50... Kf7 51. Qf5+ Qxf5 52. exf5 {[%emt 0:00:03] KB-KN. White is two pawns up.} Nd4 53. f6 Kg6 54. Kf2 Kf7 55. Ke3 Nc2+ 56. Kf4 {[%emt 0:00:11] And now b5 would win.} Nxb4 57. Kg5 Nd5 58. Kxh5 (58. Kh6 $142 Nc3 59. Kxh5) 58... a5 $2 (58... Nb6 $18 59. g4 (59. a5 Nd5 $18) 59... Nd7) 59. g4 {[%emt 0:00:48][%cal Bg3g4,Bg4g5][%mdl 32] White mates.} Nf4+ 60. Kg5 Nd5 61. Kh6 Nf4 62. g5 Ng6 63. Be1 Ne5 64. Bc3 {[%emt 0:00:10] Weighted Error Value: White=0.05 (flawless) /Black=0.45  Mistake:       	---       	Black=4      Inaccurate:     	White=2     	Black=4      OK:         	White=20    	Black=13     Best:        	White=4     	Black=3      Strong:       	White=2     	---} 1-0

[Event "EICC 2025"]
[Site "Eforie-Nord"]
[Date "2025.03.17"]
[Round "3.34"]
[White "Nastore, Pavel-Alexandru"]
[Black "Castellanos Rodriguez, Renier"]
[Result "1/2-1/2"]
[Annotator "RC"]
[ECO "B42"]
[WhiteElo "2295"]
[BlackElo "2478"]
[PlyCount "69"]
[EventDate "2025.03.14"]
[EventType "swiss"]
[EventCountry "ROU"]
[SourceTitle "playchess.com"]
[Source "ChessBase"]
[SourceQuality "1"]
[TimeControl "40/5400+30:1800+30"]

1. e4 c5 2. Nf3 e6 3. d4 cxd4 4. Nxd4 a6 5. Bd3 Nf6 6. Qe2 d6 7. O-O e5 8. Nb3 Be7 9. c4 O-O 10. Nc3 Be6 11. h3 b5 12. Be3 bxc4 13. Bxc4 Bxc4 14. Qxc4 Nbd7 15. Rfd1 a5 16. Rac1 Qb8 17. Nd2 Rc8 18. Qb5 a4 19. Nc4 Qxb5 20. Nxb5 Nxe4 21. Ncxd6 Rxc1 22. Bxc1 Nxd6 23. Nxd6 Nb6 24. Be3 Bxd6 25. Bxb6 Bf8 26. Kf1 f6 27. Rd2 Kf7 28. Rc2 Ke6 29. Ke2 Rb8 30. Be3 h5 31. h4 Bd6 32. g3 Kd5 33. Rd2+ Ke6 34. Rc2 Kd5 35. Rd2+ 1/2-1/2

[Event "EICC 2025"]
[Site "Eforie-Nord"]
[Date "2025.03.17"]
[Round "3.35"]
[White "Hakobyan, Aram"]
[Black "Psyk, Radoslaw"]
[Result "1-0"]
[Annotator "TA"]
[ECO "C11"]
[WhiteElo "2635"]
[BlackElo "2467"]
[PlyCount "111"]
[EventDate "2025.03.14"]
[EventType "swiss"]
[EventCountry "ROU"]
[SourceTitle "playchess.com"]
[Source "ChessBase"]
[SourceQuality "1"]
[TimeControl "40/5400+30:1800+30"]

1. e4 e6 2. d4 d5 3. Nc3 Nf6 4. e5 Nfd7 5. f4 c5 6. Nf3 Nc6 7. Be3 cxd4 8. Nxd4 Qb6 9. Qd2 Qxb2 10. Rb1 Qa3 11. Bb5 Nxd4 {[%emt 0:00:50] C11: French: Classical System: 4 e5 and 4 Bg5 dxe4.} 12. Bxd4 {[%emt 0:00:08] Threatening Rb3. A sharp opening} a6 13. Bxd7+ {[%emt 0:00:26] White sacrificed a pawn} Bxd7 {[%emt 0:00:08] White has an edge.} 14. Rb3 Qe7 (14... Qa5 $2 15. Bb6 $18 (15. Rxb7 Bb4 $17)) 15. Rxb7 Qd8 {[%emt 0:00:16] 15...Qh4+ gains popularity.} 16. Bb6 Qc8 17. Rc7 Qd8 18. Qd4 Ba3 19. f5 $5 {[%emt 0:02:13][%mdl 4] An interesting side line.} Rc8 $1 20. Rc6 Qe7 $146 (20... Rxc6 21. Bxd8 Kxd8 22. Rf1 Bc5 23. Qg4 exf5 24. Qxg7 Re8 25. Kd1 Rg6 26. Qxh7 Rxe5 {1-0 Hong,A (2525)-Budisavljevic,L (2495) Saint Louis Summer-B 2023 (2)}) 21. Rxc8+ Bxc8 22. O-O Qb4 23. Qe3 Bb2 (23... exf5 $2 24. Nxd5 Qa4 25. Rf3 $18) (23... O-O 24. f6 gxf6 25. Nb1 $18 (25. exf6 Kh8 $18)) 24. Bd4 exf5 25. Rb1 Qa3 26. e6 fxe6 27. Qe5 Bxc3 $1 28. Bxc3 Qc5+ $1 29. Kh1 Rg8 30. h3 $36 {[%cal Ob1b7][%mdl 2048] White has the initiative.} Kf7 31. Rb3 Qc6 (31... h6 $11) 32. Bd4 $1 $16 {[%mdl 1024] Rc3 would now be deadly. White has strong compensation. White is much more active.} ({Don't go for} 32. Rb8 $2 d4 33. Bxd4 (33. Qxd4 $2 {loses.} Bb7 $19) 33... Bb7 (33... Qxc2 34. Rb3 $16) 34. Rxb7+ Qxb7 $19) 32... Bd7 $2 {[%mdl 8192] [#] Black cannot hold the game after this.} (32... Qxc2 $16 33. Rc3 Qa4 (33... Qxa2 34. Rc7+ $18)) 33. Rc3 $1 $18 Qa4 34. Rc7 h6 35. c3 Qb5 {[#]} 36. c4 $2 dxc4 37. Qxb5 axb5 38. Rxd7+ {[%mdl 4096] Endgame KRB-KR} Kg6 39. Re7 b4 40. Rxe6+ Kg5 (40... Kf7 $142 41. Rb6 c3 42. Rxb4 Rc8) 41. Rb6 b3 (41... c3 {might work better.} 42. Kh2 (42. Rxb4 Rc8 $18) 42... f4 43. Rxb4 Rc8) 42. axb3 cxb3 43. Rxb3 g6 44. Kh2 Rd8 45. Rb4 Re8 46. Kg3 Kh5 47. Bg7 Re3+ 48. Kf4 Re2 (48... Re1 $142 49. g3 g5+ 50. Kxf5 Rf1+ 51. Ke4 Re1+ 52. Kf3 Kg6) 49. Kf3 $2 (49. g4+ Kh4 50. Kf3 (50. Bxh6 Kxh3 51. Rb3+ Kg2 $18) (50. gxf5 gxf5 51. Kf3+ Re4 $18)) 49... Rd2 $2 (49... Ra2 50. g3 Ra3+ 51. Kg2 Ra2+ 52. Kh1 Ra3 53. Rh4+ Kg5 54. Bxh6+ Kf6) 50. g3 {Intending Rh4+ and mate. White is clearly winning.} Rd3+ 51. Kf2 Kg5 52. Rh4 Rd2+ 53. Ke3 Ra2 54. Bxh6+ Kf6 55. Rb4 Ra3+ 56. Kf4 {Weighted Error Value: White=0.24 (precise) /Black=0.51  Loses game:     	---       	Black=1      Mistake:       	White=2     	Black=5      Inaccurate:     	---       	Black=2      OK:         	White=22    	Black=13     Best:        	White=3     	Black=2      Strong:       	White=2     	Black=3} 1-0